 Dungeon Crawl Stone Soup version 0.31.0-32-g396128a36d (webtiles) character file.

Game seed: 9460320661268200587

679 lonewolfV2 the Trooper (level 7, 0/60 HPs)
             Began as a Formicid Fighter on Mar 11, 2024.
             Was a Follower of the Shining One.
             Slain by a scorpion (2 damage)
             ... on level 6 of the Dungeon.
             The game lasted 00:07:33 (5706 turns).

lonewolfV2 the Trooper (Formicid Fighter)           Turns: 5706, Time: 00:07:33

Health: 0/60       AC: 11    Str: 21    XL:     7   Next: 92%
Magic:  7/7        EV:  7    Int:  7    God:    the Shining One [*.....]
Gold:   990        SH:  5    Dex: 15    Spells: 6/6 levels left

rFire   . . .        a - +0 war axe
rCold   . . .        c - +0 buckler
rNeg    . . .        m - +0 chain mail
rPois   .            (helmet unavailable)
rElec   .            l - +1 cloak
rCorr   .            (no gloves)
SInv    +            (no boots)
Will    .....        (no amulet) Stlth
                     (no ring)
HPRegen 0.30/turn    (no ring)
MPRegen 0.10/turn

%: no passive effects
@: lethally poisoned (0 -> -4), glowing
A: permanent stasis, dig shafts and tunnels, antennae 3, four strong arms
a: Dig, Shaft Self, Renounce Religion, Divine Shield


You were on level 6 of the Dungeon.
You worshipped the Shining One.
The Shining One was aware of your devotion.
You visited 1 branch of the dungeon, and saw 6 of its levels.

You collected 990 gold pieces.

Inventory:

Hand Weapons
 a - a +0 war axe (weapon)
Armour
 c - a +0 buckler (worn)
 l - a +1 cloak (worn)
 m - a +0 chain mail (worn)
Jewellery
 f - the ring of Divine Intervention {Wiz rPois Will+++ MP-9 SInv}
   (You found it on level 6 of the Dungeon)

   [ring of wizardry]

   Wiz:       It improves your spell success rate.
   rPois:     It protects you from poison Will+++: It greatly increases your
   willpower.
   MP-9:      It affects your magic capacity (-9).
   SInv:      It lets you see invisible.
Wands
 n - a wand of flame (22)
 o - a wand of iceblast (2)
Scrolls
 h - 3 scrolls of enchant armour
 j - 2 scrolls of butterflies
Potions
 b - a potion of curing
 d - a potion of might
 e - 2 potions of enlightenment
 g - a potion of cancellation
 i - 2 potions of mutation
 k - a potion of resistance
 p - 2 potions of attraction {unknown}
 q - 2 potions of invisibility {unknown}


   Skills:
 + Level 7.4 Fighting
 - Level 5.6 Axes
 - Level 3.2 Armour
 - Level 4.0 Shields


You had 6 spell levels left.
You didn't know any spells.
Your spell library was empty.

Dungeon Overview and Level Annotations

Branches:
Dungeon (6/15)             Temple (0/1) D:6

Altars:
Gozag
Wu Jian
The Shining One

Shops:
D:1 !   D:3 (


Innate Abilities, Weirdness & Mutations

You cannot be hasted, slowed, berserked, paralysed or teleported.
You can dig through walls and to a lower floor.
You have a pair of large antennae on your head. (SInv)
Your four strong arms can wield two-handed weapons with a shield.


Message History

* * * LOW HITPOINT WARNING * * *
The ufetubus barely misses you. The ufetubus hits you.
* * * LOW HITPOINT WARNING * * *
The ufetubus attacks as it pursues you!
The ufetubus hits you but does no damage.
You block the ufetubus's attack.
The ufetubus hits you but does no damage. x2
The adder barely misses you. The adder attacks as it pursues you!
The adder bites you but does no damage. The ufetubus closely misses you.
The ufetubus hits you but does no damage.
Unknown command.
You block the adder's attack.
The ufetubus hits you but does no damage.
The ufetubus closely misses you. The scorpion attacks as it pursues you!
You block the scorpion's attack. The white imp puffs mist at you.
The ufetubus hits you but does no damage.
You block the ufetubus's attack. The adder barely misses you.
There is an open door here.
The white imp puffs mist at you. The scorpion attacks as it pursues you!
The scorpion stings you but does no damage. x2
The scorpion stings you.
* * * LOW HITPOINT WARNING * * *
You are poisoned.
The scorpion poisons you!
* * * LOW HITPOINT WARNING * * *
You feel very sick. The scorpion attacks as it pursues you!
The scorpion stings you.
* * * LOW HITPOINT WARNING * * *
* * * LOW HITPOINT WARNING * * *
You feel very sick. The scorpion attacks as it pursues you!
The scorpion barely misses you.
* * * LOW HITPOINT WARNING * * *
You feel sick.
The scorpion stings you but does no damage.
* * * LOW HITPOINT WARNING * * *
You feel sick. The scorpion stings you.
You die...

##### #.... .<.. #.### ...... #.#
...... #.### ...... #.... ......
####### ####. ......## #.@...#
###. .......## #sS...# #...
#########..## #.l...# #.##
............###g....##########...
..........S{'.S..................
#..........{##......############.
.#..........##......#### #...
##..........###........# #...
#..........# #........# #..รท


You could see a water moccasin, a gnoll sergeant, a scorpion, an iguana and an
adder.

Vanquished Creatures
  A sky beast (D:6)
  2 phantoms (D:6)
  2 bullfrogs (D:6)
  A howler monkey (D:6)
  3 hounds
  A jelly (D:5)
  An orc wizard (D:6)
  5 adders
  A white imp (D:6)
  2 dart slugs
  A ribbon worm (D:3)
  5 orcs
  10 endoplasms
  2 giant cockroaches
  4 goblins
  5 hobgoblins
  2 jackals (D:3)
  3 quokkas (D:1)
  5 ball pythons
  4 bats
  3 frilled lizards
  3 kobolds
66 creatures vanquished.

Notes
Turn   | Place    | Note
-------+----------+-------------------------------------------
     0 | D:1      | lonewolfV2 the Formicid Fighter began the quest for the
                  | Orb.
     0 | D:1      | Reached XP level 1. HP: 18/18 MP: 1/1
   177 | D:1      | Reached XP level 2. HP: 24/24 MP: 2/2
   528 | D:1      | Found Saxeetof's Distillery.
   601 | D:1      | Found a faded altar of an unknown god.
   751 | D:1      | Identified a scroll of acquirement
   751 | D:1      | Acquired 700 gold pieces
   859 | D:2      | Reached XP level 3. HP: 27/30 MP: 3/3
  1864 | D:3      | Reached XP level 4. HP: 32/37 MP: 4/4
  1909 | D:3      | Reached skill level 4 in Fighting
  1937 | D:3      | Found Vueciom's Antique Weapon Emporium.
  2036 | D:3      | Found an ornate altar of the Wu Jian Council.
  2299 | D:4      | Identified the +11 dagger of the Illusory Queens {protect,
                  | rCorr Str+7}
  2440 | D:4      | Found a glowing golden altar of the Shining One.
  2497 | D:4      | Became a worshipper of the Shining One
  3406 | D:5      | Entered Level 5 of the Dungeon
  3438 | D:5      | Reached XP level 5. HP: 21/42 MP: 5/5
  4048 | D:5      | Found an opulent altar of Gozag.
  4370 | D:6      | Reached XP level 6. HP: 5/50 MP: 6/6
  4373 | D:6      | Reached skill level 5 in Axes
  4844 | D:6      | Reached skill level 5 in Fighting
  4889 | D:6      | Identified the ring of Divine Intervention {Wiz rPois
                  | Will+++ MP-9 SInv}
  4906 | D:6      | Noticed a sky beast
  4922 | D:6      | Killed a sky beast
  4945 | D:6      | Reached XP level 7. HP: 45/57 MP: 7/7
  4955 | D:6      | Reached skill level 6 in Fighting
  5204 | D:6      | Found a staircase to the Ecumenical Temple.
  5249 | D:6      | Reached skill level 7 in Fighting
  5682 | D:6      | Noticed a water moccasin
  5687 | D:6      | Reached * piety under the Shining One
  5705 | D:6      | HP: 3/60 [poisoned by a scorpion]
  5706 | D:6      | Slain by a scorpion

Illustrated notes

Levels and vault maps discovered:
D:1:      lightli_molten_gateway, layout_loops_ring, serial_shops,
          nicolae_shop_statue_plus,
          dreamdust_ecumenical_altar_hidden_monk_grotto
D:2:      layout_loops_cross, chequers_big_river
D:3:      layout_loops_ring, pdpol_wu_jian_five_deadly_venoms, serial_shops,
          shop
D:4:      layout_loops_ring, tso_metal_star, serial_forest,
          infiniplex_forest_lined_2, infiniplex_forest_pool,
          infiniplex_forest_lined_2, infiniplex_forest_lined_ring,
          infiniplex_forest_clump_curved, infiniplex_forest_corner_1,
          infiniplex_forest_lined_2, infiniplex_forest_zigzag_2,
          infiniplex_forest_join
D:5:      layout_loops_corners, lemuel_coloured_pillars_altar,
          chequers_ossuary_entry_cave
D:6:      layout_basic, nicolae_sif_muna_little_library,
          minmay_temple_entry_enclosed_plants, minmay_misc_feat_tiny,
          grunt_ministairs_4, minmay_circle_x

Skill      XL: |  1  2  3  4  5  6  7 |
---------------+----------------------+-----
Axes           | 3 4 5 |  5.6
Fighting       | 4 5 7 |  7.4
Armour         | |  3.2
Shields        | |  4.0

Action                     |  1- 3 |  4- 6 |  7- 9 || total
---------------------------+-------+-------+-------++-------
  Melee: War axe           |    92 |   116 |    33 ||   241
    Use: Scroll            |     9 |     7 |       ||    16
         Potion            |       |     2 |       ||     2
 Armour: Scale mail        |    26 |       |       ||    26
         Chain mail        |    29 |   119 |    56 ||   204
  Dodge: Dodged            |    50 |    50 |    28 ||   128
  Block: Buckler           |    21 |    46 |    11 ||    78
